Map: Dusk Towers

Players

PappiJoe

  • Race: Protoss Protoss
  • League: Grandmaster

dTefel (Tefel) - Winner!

  • Race: Zerg Zerg
  • League: Grandmaster

Event: Corsair Cup 14

VOD

Have the link to the VOD?

Description

Time

  • Played on: March 21, 2016, 1:17 p.m.
  • Length: 9:07

All games in this series

Show
View Real Time Build Order
Export as new Build Order

PappiJoe Protoss 

Build Orders: 1 Gate Expand, Dark Templar Rush 

Get SALT Encoding   

  12  0:01  Probe (Chrono Boost)  
  13  0:11  Probe (Chrono Boost)  
  14  0:17  Pylon  
  14  0:22  Probe (Chrono Boost)  
  15  0:36  Gateway, Probe (Chrono Boost)  
  15  0:42  Assimilator  
  16  0:46  Probe (Chrono Boost)  
  18  0:57  Probe (Chrono Boost)  
  18  1:15  Nexus  
  18  1:25  Cybernetics Core  
  18  1:28  Probe (Chrono Boost)  
  19  1:34  Assimilator  
  19  1:39  Probe (Chrono Boost)  
  20  1:45  Pylon  
  20  1:49  Probe (Chrono Boost)  
  21  2:00  Probe (Chrono Boost)  
  22  2:03  Stalker (Chrono Boost)  
  22  2:07  Warp Gate  
  24  2:12  Probe  
  25  2:26  Robotics Facility  
  25  2:27  Probe (Chrono Boost)  
  26  2:33  Adept (Chrono Boost)  
  26  2:35  Probe (Chrono Boost)  
  29  2:42  Probe (Chrono Boost)  
  30  2:51  Twilight Council  
  30  2:52  Probe (Chrono Boost)  
  30  2:55  Probe (Chrono Boost)  
  32  3:02  Probe (Chrono Boost)  
  34  3:05  Probe (Chrono Boost)  
  34  3:13  Probe (Chrono Boost)  
  34  3:14  Observer  
  34  3:16  Probe (Chrono Boost)  
  37  3:28  Probe (Chrono Boost)  
  37  3:30  Probe (Chrono Boost)  
  37  3:33  Dark Shrine  
  39  3:36  Warp Prism  
  39  3:37  Gateway  
  39  3:38  Probe (Chrono Boost)  
  42  3:43  Gateway  
  42  3:45  Probe (Chrono Boost)  
  43  3:55  Gateway  
  43  3:57  Probe x2 (Chrono Boost)  
  43  4:02  Pylon  
  44  4:27  Probe x2 (Chrono Boost)  
  44  4:29  Assimilator  
  44  4:31  Pylon  
  46  4:33  Pylon  
  46  4:34  Assimilator  
  46  4:39  Pylon  
  46  4:49  Dark Templar  
  46  4:50  Dark Templar x2  
  52  5:03  Probe x2 (Chrono Boost)  
  54  5:16  Probe (Chrono Boost)  
  54  5:17  Probe (Chrono Boost)  
  54  5:19  Immortal  
  61  5:28  Probe (Chrono Boost)  
  61  5:29  Probe (Chrono Boost)  
  61  5:33  Forge  
  61  5:35  Gateway, Twilight Council  
  60  5:36  Gateway  
  60  5:39  Probe x2 (Chrono Boost)  
  60  5:48  Nexus  
  60  5:49  Probe (Chrono Boost)  
  58  5:50  Probe (Chrono Boost)  
  58  5:51  Pylon  
  58  5:52  Pylon  
  58  6:00  Immortal, Mothership Core (Chrono Boost)  
  58  6:01  Sentry  
  58  6:03  Sentry  
  68  6:10  Robotics Bay  
  68  6:13  Probe (Chrono Boost)  
  68  6:17  Adept  
  71  6:20  Probe (Chrono Boost)  
  71  6:22  Probe (Chrono Boost)  
  71  6:24  Protoss Ground Weapons Level 1 (Chrono Boost)  
  73  6:31  Probe  
  73  6:32  Probe  
  75  6:42  Robotics Facility, Probe  
  75  6:43  Probe  
  77  6:47  Pylon  
  77  6:49  Adept x2  
  77  6:53  Probe  
  81  6:55  Probe  
  81  6:56  Pylon  
  81  6:58  Disruptor (Chrono Boost)  
  81  6:59  Probe  
  87  7:02  Assimilator  
  87  7:03  Probe  
  87  7:06  Assimilator  
  88  7:19  Stalker x2  
  92  7:32  Disruptor (Chrono Boost)  
  92  7:33  Disruptor (Chrono Boost)  
  98  7:40  Adept x2  
  102  7:51  Adept x2, Stalker x2  
  106  7:53  Probe  
  111  8:00  Pylon  
  111  8:04  Pylon, Disruptor (Chrono Boost)  
  111  8:05  Disruptor (Chrono Boost)  
  117  8:06  Pylon  
  117  8:12  Nexus  
  117  8:26  Pylon  
  117  8:35  Disruptor (Chrono Boost)  
  97  8:53  Zealot x6  
Show
View Real Time Build Order
Export as new Build Order

dTefel Zerg - Winner!

Build Orders: 3 Hatch before Pool 

Get SALT Encoding   

  12  0:00  Drone  
  13  0:08  Drone  
  14  0:17  Overlord  
  14  0:24  Extractor, Drone  
  15  0:35  Drone x2  
  17  0:52  Hatchery  
  17  0:54  Drone  
  17  0:57  Drone  
  18  1:17  Hatchery  
  17  1:29  Spawning Pool  
  17  1:32  Drone  
  17  1:36  Extractor  
  17  1:37  Drone  
  17  1:41  Drone  
  17  1:44  Drone  
  20  1:54  Drone  
  20  2:04  Drone x2  
  22  2:14  Drone  
  23  2:15  Queen x2  
  27  2:31  Queen  
  27  2:32  Drone  
  27  2:34  Drone  
  27  2:35  Overlord  
  31  2:40  Metabolic Boost  
  31  2:47  Overlord  
  31  2:56  Overlord, Drone x2  
  34  2:58  Drone  
  34  3:06  Drone x4  
  34  3:09  Drone  
  39  3:13  Drone x2  
  39  3:19  Drone  
  42  3:21  Drone  
  42  3:23  Overlord  
  42  3:24  Drone x2  
  42  3:26  Drone x2  
  47  3:28  Zergling x2  
  47  3:29  Zergling x2  
  47  3:32  Zergling x2  
  50  3:41  Drone, Spore Crawler  
  50  3:42  Drone  
  50  3:43  Spore Crawler  
  50  3:44  Drone x3  
  50  3:45  Extractor  
  50  3:48  Drone x2  
  54  3:52  Drone  
  54  3:55  Overlord  
  55  3:59  Roach Warren  
  55  4:01  Lair  
  55  4:02  Drone  
  55  4:04  Drone  
  55  4:05  Drone  
  55  4:06  Drone  
  55  4:09  Overlord  
  58  4:18  Zergling x4  
  58  4:20  Spore Crawler  
  58  4:21  Overlord, Drone x3  
  62  4:25  Overlord x2  
  61  4:33  Drone  
  61  4:38  Overlord  
  62  4:41  Roach x4  
  62  4:42  Roach x3  
  62  4:43  Zergling x2  
  62  4:44  Zergling x2  
  78  4:51  Roach x2  
  78  4:52  Roach  
  84  4:56  Roach  
  84  5:05  Overlord  
  84  5:06  Overlord  
  82  5:09  Zergling x6  
  82  5:10  Overseer  
  82  5:11  Drone x5  
  82  5:12  Drone  
  82  5:14  Extractor  
  90  5:15  Extractor  
  90  5:19  Overlord  
  90  5:20  Extractor  
  86  5:24  Drone x4  
  86  5:26  Drone  
  88  5:32  Drone  
  88  5:33  Drone  
  88  5:34  Overlord  
  90  5:40  Drone  
  88  5:46  Overlord  
  88  5:48  Roach x4  
  95  5:50  Overlord  
  95  5:53  Drone x2  
  95  5:54  Hydralisk Den  
  95  5:55  Drone x2  
  98  5:58  Overlord  
  98  6:05  Drone, Glial Reconstitution  
  98  6:06  Extractor  
  98  6:08  Evolution Chamber  
  98  6:10  Queen  
  99  6:16  Drone x2  
  101  6:22  Hatchery  
  100  6:28  Drone, Muscular Augments  
  100  6:30  Drone x2  
  100  6:32  Drone  
  104  6:34  Drone  
  104  6:36  Zerg Missile Weapons Level 1  
  104  6:37  Drone  
  104  6:38  Drone  
  104  6:39  Drone  
  108  6:41  Drone  
  108  6:44  Drone x2  
  111  6:48  Overlord  
  111  6:49  Hydralisk  
  111  6:52  Hydralisk  
  115  6:57  Hydralisk x2  
  115  7:00  Overlord  
  119  7:07  Hydralisk x3  
  125  7:09  Hydralisk  
  125  7:12  Extractor, Hydralisk  
  125  7:13  Hydralisk  
  130  7:16  Hydralisk  
  130  7:18  Extractor  
  130  7:20  Hydralisk x2  
  135  7:23  Hydralisk  
  135  7:27  Drone x2  
  139  7:31  Drone x2  
  139  7:32  Overlord  
  141  7:38  Lurker Den  
  141  7:39  Hydralisk  
  141  7:40  Hydralisk  
  141  7:41  Hydralisk  
  141  7:43  Hydralisk  
  149  7:45  Hydralisk  
  149  7:46  Hydralisk  
  149  7:49  Hydralisk  
  155  7:52  Hydralisk  
  155  7:54  Drone  
  155  7:56  Spine Crawler  
  155  7:57  Hydralisk  
  159  8:01  Hydralisk  
  159  8:02  Hydralisk  
  159  8:05  Overlord  
  163  8:09  Hydralisk  
  163  8:10  Hydralisk  
  168  8:12  Zergling x2  
  168  8:13  Zergling x2  
  168  8:14  Zergling x2  
  168  8:16  Hydralisk  
  168  8:19  Drone  
  173  8:20  Hydralisk  
  173  8:21  Hydralisk  
  173  8:23  Hydralisk  
  173  8:26  Hydralisk  
  179  8:28  Hydralisk  
  179  8:30  Zergling x2  
  179  8:31  Overseer  
  183  8:41  Hydralisk x5  
  152  8:44  Roach  
Tags
 
Add a new tag
Caveats
  • Supply blocks, unpowered buildings, or Contaminate may cause inaccurate times.
  • Supply counts are checked every 10 seconds.